 Dungeon Crawl Stone Soup version 0.32-a0-841-g4648e6c457 (webtiles) character file.

Game seed: 16994955181245388389

4991 ytrimaz the Mimic (level 10, -4/58 HPs)
             Began as an Octopode Shapeshifter on Mar 26, 2024.
             Was an Initiate of Ashenzari.
             Slain by a death yak (28 damage)
             ... on level 8 of the Dungeon.
             The game lasted 00:11:09 (9257 turns).

ytrimaz the Mimic (Octopode Shapeshifter)           Turns: 9257, Time: 00:11:10

Health: -4/58      AC:  1    Str: 19    XL:     10   Next: 54%
Magic:  10/10      EV: 24    Int: 16    God:    Ashenzari [......]
Gold:   513        SH:  0    Dex: 19    Spells: 9/9 levels left

rFire   . .          .
                       - Unarmed
rCold   . . .        (shield currently unavailable)
rNeg    . . .        (helmet restricted)
rPois   .            (no amulet)
rElec   .            h - +6 ring of strength
rCorr   .            r - +4 ring of slaying
SInv    .            s - +6 ring of dexterity
Will    .....        u - +5 ring of evasion
Stlth   +            (no ring)
HPRegen 0.29/turn    (no ring)
MPRegen 0.12/turn    (no ring)
                     (no ring)

%: no passive effects
@: flux-form, glowing
A: glow, contaminating, almost no armour, amphibious, 8 rings, camouflage 1,
gelatinous body 1, (nimble swimmer 1), tentacles
a: Begin Untransformation, Renounce Religion


You were on level 8 of the Dungeon.
You worshipped Ashenzari.
Ashenzari was noncommittal.
You were something dangerously unstable.
You visited 2 branches of the dungeon, and saw 9 of its levels.

You collected 513 gold pieces.


Innate Abilities, Weirdness & Mutations

You are something dangerously unstable.
You glow with magical radiation, making you easy to see and hit.
Foes you strike become dangerously contaminated with magical radiation.
You are incapable of wielding weapons or throwing items.
You cannot wear most types of armour.
You are amphibious.
You can wear up to eight rings at the same time.
Your skin changes colour to match your surroundings (Stealth+).
Your rubbery body absorbs attacks. (AC +1, EV +1)
((You are camouflaged when in or above water. (Stealth+)))
You have tentacles for arms and can constrict up to eight enemies at once.


   Skills:
 - Level 1.0 Fighting
 + Level 5.8 Dodging
 - Level 10.0 Unarmed Combat
 + Level 10.3 Shapeshifting


You had 9 spell levels left.
You didn't know any spells.
Your spell library contained the following spells:

 Spells                   Type           Power      Damage    Failure   Level
 Jinxbite                 Hex            0%         N/A       36%         2
 Frozen Ramparts          Ice            0%         1d1       58%         3
 Ozocubu's Armour         Ice            0%         N/A       58%         3
 Manifold Assault         Tloc           0%         N/A       94%         4
 Metabolic Englaciation   Hex/Ice        0%         N/A       100%        5
 Yara's Violent Unravell  Hex/Alch       0%         3d3       100%        5
 Dispersal                Tloc           0%         N/A       100%        6
 Enfeeble                 Hex            0%         N/A       100%        7
 Disjunction              Tloc           0%         N/A       100%        8

Inventory:

Missiles
 n - 2 throwing nets
Jewellery
 h - a +6 ring of strength (left tentacle)
   (You found it on level 1 of the Dungeon)
 r - a +4 ring of slaying (right tentacle)
   (You found it on level 4 of the Dungeon)
 s - a +6 ring of dexterity (on tentacle)
   (You found it on level 4 of the Dungeon)
 u - a +5 ring of evasion (on tentacle)
   (You found it on level 4 of the Dungeon)
Talismans
 b - a beast talisman
 c - a flux talisman (active)
Wands
 p - a wand of warping (15) (quivered)
   (You found it on level 3 of the Dungeon)
 y - a wand of polymorph (9)
   (You found it on level 6 of the Dungeon)
Scrolls
 i - 3 scrolls of teleportation
 j - 2 scrolls of immolation
 k - 2 scrolls of enchant weapon
 o - a scroll of amnesia {unknown}
 A - 2 scrolls of poison {unknown}
 B - a scroll of vulnerability {unknown}
Potions
 e - 2 potions of resistance
 f - a potion of cancellation
 g - a potion of attraction {unknown}
 l - a potion of enlightenment {unknown}
 m - a potion of heal wounds {unknown}
 q - a potion of ambrosia {unknown}
 t - 3 potions of haste
 v - a potion of might {unknown}
 z - a potion of brilliance {unknown}

Dungeon Overview and Level Annotations

Branches:
Dungeon (8/15) Zot: 25049  Temple (1/1) D:5 Zot: 5917    Lair (0/5) D:8

Altars:
Ashenzari
Cheibriados
Dithmenos
Elyvilon
Fedhas
Gozag
Hepliaklqana
Kikubaaqudgha
Makhleb
Nemelex Xobeh
Okawaru
Qazlal
Ru
Sif Muna
Trog
Uskayaw
Vehumet
Wu Jian
Xom
Yredelemnul
Zin
The Shining One

Annotations:
D:4 1 runed translucent door, Crazy Yiuf

#.)## ###....# ##.
#..# ##..## ##..
#Y.# #†.## ##.##
##Y## ##..# ##.###
#..# ##### ##..##
##..... ..<#
##...## ##(.##
##...._. ..##
##..>..####..##
##....... ###
##.......#Y..##
#........
####.........#p##
##..._..⌠.
###.............##
#..#......
....####.#...#.###
##..##._...
........#....#.#.#
#.####..._.
...........####.##
### ###...
....#...#..# ###
#### ...#.#...###
......#..#
....>....#


You could see a death yak.


Message History

You begin transforming.
You continue transforming. x3
Your transformation has ended.
You turn into something dangerously unstable.
Unknown command.
There is an open door here.
There is a stone staircase leading down here.
You climb downwards.
There is a stone staircase leading up here.
Unknown command.
Key pressed, stopping explore.
Key pressed, stopping explore.
You see here a +0 dagger.
Key pressed, stopping explore.
Items here: )) [[.
Items here: )) [[.
Key pressed, stopping explore.
Things that are here:
a +0 dagger; a +0 robe; a +0 dagger Key pressed, stopping explore.
The yak bellows!
You hear a bellow! x2
A death yak is nearby!
Press: ? - help, v - describe, . - travel
Here: a death yak (wandering, hasn't noticed you)
The floor.
The death yak bellows!
Aiming: Warp Space
Press: ? - help, Q - select action, (/) - cycle Shift-Dir - straight line Space twists violently!
The rupture engulfs the death yak!
The death yak blinks!
Aiming: Warp Space
Press: ? - help, Q - select action, (/) - cycle Shift-Dir - straight line, f - yak
Aim: a yak (moderately wounded, chance to blink: 50%) Space twists violently!
The rupture engulfs the death yak!
The death yak blinks!
Aiming: Warp Space
Press: ? - help, Q - select action, (/) - cycle Shift-Dir - straight line, f/p - yak
Aim: a yak (moderately wounded, chance to blink: 50%) Space twists violently!
The rupture engulfs the yak!
The yak blinks!
The yak bellows!
You bludgeon the yak!
The yak begins to glow.
You tentacle-slap the yak.
The yak begins to glow.
The yak snorts and paws the ground.
The yak gores you! x2 😮 HP[-15]
You take 15 damage, and now have 43/58 hp.
MASSIVE DAMAGE!! (PAUSE)
The yak misses you. 😕 HP[+1]
The yak attacks as it pursues you! The yak gores you!
* * * LOW HITPOINT WARNING * * *
😨 HP[-16]
You take 16 damage, and now have 28/58 hp.
MASSIVE DAMAGE!! (PAUSE)
You tentacle-slap the yak.
The yak glows dangerously bright.
You squeeze the yak. 😨 HP[+1] Unknown command.
You bludgeon the yak!
The yak shudders as magic cascades through it!!
You kill the yak!
The death yak misses you.
You see here a yak corpse.
Unknown command.
As you read the scroll of fear, it crumbles to dust.
You assume a fearsome visage.
The death yak resists with almost no effort.
The yak looks frightened! x2; The death yak gores you!!
* * * LOW HITPOINT WARNING * * *
😱 HP[-24]
You take 24 damage, and now have 5/58 hp.
MASSIVE DAMAGE!! (PAUSE) Unknown command.
Okay, then.
Unknown command.
Okay, then.
Okay, then.
Unknown command.
Aiming: Warp Space
Press: ? - help, Q - select action, (/) - cycle Shift-Dir - straight line, p - yak Space twists violently!
The rupture engulfs the death yak!
The rupture engulfs the yak!
Your attack snaps the yak out of its fear.
The death yak closely misses you. 😱 HP[+1] Unknown command.
Aiming: Warp Space
Press: ? - help, Q - select action, (/) - cycle Shift-Dir - straight line Space twists violently!
The rupture engulfs the yak!
The yak blinks!
You kill the yak!
The rupture engulfs the death yak!
The death yak blinks!
Aiming: Warp Space
Press: ? - help, Q - select action, (/) - cycle Shift-Dir - straight line, f - death yak
Aim: a death yak (heavily wounded, chance to blink: 50%)
Okay, then.
Unknown command.
You feel better.
The death yak completely misses you. 😨 HP[+9]
You regained 9 hp, and now have 15/58 hp.
You feel better. The death yak gores you!!
You die...

Skill      XL: |  1  2  3  4  5  6  7  8  9 10 |
---------------+-------------------------------+-----
Unarmed Combat | 4 5 6 7 8 9 10 | 10.0
Shapeshifting  | 5 6 9 10 | 10.3
Dodging        | 3 5 |  5.8
Fighting       | |  1.0

Action                     |  1- 3 |  4- 6 |  7- 9 | 10-12 || total
---------------------------+-------+-------+-------+-------++-------
  Melee: Unarmed           |    76 |    81 |   158 |    89 ||   404
         Constrict         |    17 |    22 |    49 |    20 ||   108
         Tentacles         |     9 |    16 |    51 |    23 ||    99
         Punch             |     2 |     3 |     7 |     1 ||    13
  Evoke: Wand              |       |       |       |     5 ||     5
    Use: Scroll            |     5 |     3 |     4 |     3 ||    15
         Potion            |       |     1 |     4 |     2 ||     7
   Stab: Sleeping          |    10 |     8 |     1 |       ||    19
         Distracted        |       |       |     1 |       ||     1
 Armour: Skin              |    20 |    56 |    81 |    27 ||   184
  Dodge: Dodged            |    49 |    44 |   121 |    81 ||   295
   Form: Flux              |       |       |     1 |     1 ||     2
         Beast             |       |       |       |     1 ||     1

Levels and vault maps discovered:
D:1:      spicycebolla_green_bress_n_ham_2, layout_loops_ring,
          basic_ecumenical_altar
D:2:      layout_loops_corners, serial_bayou, serial_bayou_lake_a,
          serial_bayou_shore_b, serial_bayou_ford_a, serial_bayou_shore_a,
          minmay_worlds_worst_comb
D:3:      layout_basic, kennysheep_nondescript, fountainhead, uniq_natasha
D:4:      layout_basic, serial_bayou_pond_e, uniq_crazy_yiuf_cottage
D:5:      layout_rooms, minmay_temple_entry_junction, chequers_mini_garden,
          uniq_grinder, uniq_edmund
D:6:      layout_basic, chequers_jeans, uniq_jeremiah
D:7:      layout_basic, minmay_circle_x
D:8:      layout_layer_cave, grunt_temple_overflow_open, dpeg_lair_monsters
Temple:   lightli_temple_of_artemis

Notes
Turn   | Place    | Note
-------+----------+-------------------------------------------
     0 | D:1      | ytrimaz the Octopode Shapeshifter began the quest for the
                  | Orb.
     0 | D:1      | Reached XP level 1. HP: 13/13 MP: 1/1
     0 | D:1      | magus.rc [v1.9.6]
   201 | D:1      | Reached XP level 2. HP: 18/18 MP: 2/2
   618 | D:1      | Found a faded altar of an unknown god.
   704 | D:1      | You pick up a book of Misfortune and begin reading...
   704 | D:1      | You add the spells Jinxbite, Yara's Violent Unravelling and
                  | Enfeeble to your library.
   811 | D:2      | Reached skill level 4 in Unarmed Combat
   854 | D:2      | Reached XP level 3. HP: 18/23 MP: 3/3
  1788 | D:3      | Reached XP level 4. HP: 20/28 MP: 4/4
  1965 | D:3      | Reached skill level 5 in Unarmed Combat
  1967 | D:3      | HP: 10/42 [ball python (1)]
  2300 | D:3      | Reached XP level 5. HP: 31/33 MP: 5/5
  2388 | D:3      | Noticed Natasha
  2397 | D:3      | HP: 8/33 [Natasha (8)]
  2399 | D:3      | Killed Natasha
  2574 | D:3      | Reached skill level 6 in Unarmed Combat
  2634 | D:3      | Noticed Natasha
  2640 | D:3      | Killed Natasha
  2769 | D:3      | Noticed Natasha
  2773 | D:3      | Killed Natasha
  2774 | D:3      | Reached XP level 6. HP: 31/38 MP: 6/6
  3349 | D:4      | Noticed a black bear
  3355 | D:4      | Killed a black bear
  3356 | D:4      | Reached skill level 7 in Unarmed Combat
  3534 | D:4      | Reached XP level 7. HP: 27/43 MP: 7/7
  3701 | D:4      | Found a runed translucent door.
  3702 | D:4      | Noticed Crazy Yiuf
  3928 | D:5      | Entered Level 5 of the Dungeon
  3931 | D:5      | HP: 5/43 [centaur/arrow (18)]
  4146 | D:5      | Reached skill level 4 in Shapeshifting
  4165 | D:5      | HP: 9/43 [orc/+0 trident (8)]
  4376 | D:5      | Noticed Edmund
  4377 | D:5      | Noticed Grinder
  4438 | D:5      | Paralysed by Grinder for 2 turns
  4445 | D:4      | Killed Edmund
  4446 | D:4      | Reached skill level 8 in Unarmed Combat
  4446 | D:4      | Reached skill level 5 in Shapeshifting
  4446 | D:4      | Reached XP level 8. HP: 48/48 MP: 8/8
  4628 | D:5      | Paralysed by Grinder for 2 turns
  4635 | D:5      | Killed Grinder
  4877 | D:5      | Noticed a vampire
  4886 | D:5      | Killed a vampire
  4887 | D:5      | Reached skill level 9 in Unarmed Combat
  4887 | D:5      | Reached skill level 6 in Shapeshifting
  4939 | D:5      | Found a staircase to the Ecumenical Temple.
  5012 | Temple   | Entered the Ecumenical Temple
  5249 | D:6      | Reached XP level 9. HP: 35/53 MP: 9/9
  5256 | D:6      | Reached skill level 7 in Shapeshifting
  5721 | D:6      | Reached skill level 10 in Unarmed Combat
  5872 | D:6      | Noticed Jeremiah
  6004 | D:6      | Killed Jeremiah
  6005 | D:6      | Reached skill level 8 in Shapeshifting
  6320 | D:7      | HP: 14/79 [wight/+3 scimitar (12)]
  6704 | D:7      | Reached skill level 9 in Shapeshifting
  6853 | D:7      | You pick up a book of the Warp and begin reading...
  6853 | D:7      | You add the spells Manifold Assault, Dispersal and
                  | Disjunction to your library.
  7299 | D:7      | Reached skill level 3 in Dodging
  7418 | D:7      | Reached XP level 10. HP: 47/58 MP: 10/10
  7598 | D:8      | Noticed a death yak
  7653 | D:8      | Found a shimmering altar of Xom.
  7654 | D:8      | Found an iron altar of Okawaru.
  7654 | D:8      | Found a sparkling altar of Nemelex Xobeh.
  7654 | D:8      | Found a broken altar of Ashenzari.
  7654 | D:8      | Found a burning altar of Makhleb.
  7655 | D:8      | Found a white marble altar of Elyvilon.
  7670 | D:8      | Became a worshipper of Ashenzari the Shackled
  7807 | D:8      | HP: 12/57 [wight/+4 spear of freezing (3)]
  7808 | D:8      | Reached skill level 4 in Dodging
  7814 | D:8      | HP: 6/58 [wight/+4 spear of freezing (8)]
  8418 | D:8      | Reached skill level 5 in Dodging
  8549 | D:8      | Reached skill level 10 in Shapeshifting
  8674 | D:8      | Found a staircase to the Lair.
  8858 | D:8      | You pick up a book of Winter and begin reading...
  8858 | D:8      | You add the spells Frozen Ramparts, Ozocubu's Armour and
                  | Metabolic Englaciation to your library.
  9253 | D:8      | HP: 5/58 [death yak (24)]
  9257 | D:8      | Slain by a death yak

Vanquished Creatures
  Jeremiah (D:6)
  Grinder (D:5)
  A vampire (D:5)
  5 yaks
  Edmund (D:4)
  An acid dragon (D:8)
  A black bear (D:4)
  2 ice beasts
  A sky beast (D:7)
  An ogre (D:6)
  A centaur (D:5)
  2 phantoms
  A kobold brigand (D:8)
  8 bullfrogs
  2 scorpions (D:5)
  12 wights
  5 killer bees (D:7)
  2 howler monkeys
  4 jellies
  A bombardier beetle (D:6)
  A hound (D:7)
  8 orc priests
  A sleepcap (D:7)
  Natasha (thrice) (D:3)
  5 iguanas
  6 orc wizards
  9 gnolls
  7 adders
  A shadow imp (D:8)
  4 white imps
  2 ufetubi (D:5)
  3 dart slugs
  4 ribbon worms
  36 orcs
  4 endoplasms
  10 giant cockroaches
  7 hobgoblins
  5 quokkas
  9 ball pythons
  6 bats
  3 frilled lizards
  3 goblins
  17 kobolds
  4 rats
211 creatures vanquished.

Table legend:
 A = Non-vault XP
 B = Vault XP
 C = Vault XP percentage of total XP
 D = Non-vault monster count
 E = Vault monster count
 F = Vault count percentage of total count
                 A         B        C        D         E       F
            +---------+---------+-------+---------+---------+-------
      Total |    5328 |    1802 |  25.3 |     194 |      17 |   8.1
            +---------+---------+-------+---------+---------+-------
        D:1 |      26 |       0 |   0.0 |      17 |       0 |   0.0
        D:2 |      32 |      10 |  23.8 |      16 |       5 |  23.8
        D:3 |     257 |      35 |  12.0 |      30 |       1 |   3.2
        D:4 |     286 |     162 |  36.2 |      25 |       1 |   3.8
        D:5 |    1209 |     267 |  18.1 |      29 |       1 |   3.3
        D:6 |     810 |     424 |  34.4 |      30 |       1 |   3.2
        D:7 |    1286 |     527 |  29.1 |      19 |       5 |  20.8
        D:8 |    1422 |     377 |  21.0 |      28 |       3 |   9.7
            +---------+---------+-------+---------+---------+-------

Skill      XL: |  1  2  3  4  5  6  7  8  9 10 |
---------------+-------------------------------+-----
Unarmed Combat | 4 5 6 7 8 9 10 | 10.0
Shapeshifting  | 5 6 9 10 | 10.3
Dodging        | 3 5 |  5.8
Fighting       | |  1.0

Action                     |  1- 3 |  4- 6 |  7- 9 | 10-12 || total
---------------------------+-------+-------+-------+-------++-------
  Melee: Unarmed           |    76 |    81 |   158 |    89 ||   404
         Constrict         |    17 |    22 |    49 |    20 ||   108
         Tentacles         |     9 |    16 |    51 |    23 ||    99
         Punch             |     2 |     3 |     7 |     1 ||    13
  Evoke: Wand              |       |       |       |     5 ||     5
    Use: Scroll            |     5 |     3 |     4 |     3 ||    15
         Potion            |       |     1 |     4 |     2 ||     7
   Stab: Sleeping          |    10 |     8 |     1 |       ||    19
         Distracted        |       |       |     1 |       ||     1
 Armour: Skin              |    20 |    56 |    81 |    27 ||   184
  Dodge: Dodged            |    49 |    44 |   121 |    81 ||   295
   Form: Flux              |       |       |     1 |     1 ||     2
         Beast             |       |       |       |     1 ||     1

Illustrated notes

Table legend:
 A = Kills in this place as a percentage of kills in the entire game.
 B = Kills by you in this place as a percentage of kills by you in the entire game.
 C = Kills by friends in this place as a percentage of kills by friends in the entire game.
 D = Other kills in this place as a percentage of other kills in the entire game.
 E = Experience gained in this place as a percentage of experience gained in the entire game.
 F = Experience gained in this place divided by the number of levels of this place that you have seen.
                   A       B       C       D       E      F
               +-------+-------+-------+-------+-------+----------------------
         Total | 100.0 | 100.0 |   N/A |   N/A | 100.0 | 792.2
       Dungeon | 100.0 | 100.0 |   N/A |   N/A | 100.0 | 891.2
               +-------+-------+-------+-------+-------+----------------------

Table legend: (Time is in decaauts)
 A = Elapsed time spent in this place.
 B = Non-inter-level travel time spent in this place.
 C = Inter-level travel time spent in this place.
 D = Time resting spent in this place.
 E = Time spent auto-exploring this place.
 F = Levels seen in this place.
 G = Mean time per level.
                   A        B        C        D        E       F      G
               +--------+--------+--------+--------+--------+-----+--------+
         Total |   9216 |   8941 |    275 |   1156 |   6385 |   9 | 1024.0 |
       Dungeon |   9133 |   8864 |    269 |   1156 |   6316 |   8 | 1141.6 |
        Temple |     82 |     76 |      6 |      0 |     69 |   1 |   82.0 |
               +--------+--------+--------+--------+--------+-----+--------+

Top non-repeatable levels by time:
     D:7: 1792 daAuts
     D:4: 1381 daAuts
     D:3: 1354 daAuts
     D:8: 1254 daAuts
     D:2: 955 daAuts
     D:6: 952 daAuts
     D:1: 752 daAuts
     D:5: 691 daAuts
  Temple: 82 daAuts
